 Dungeon Crawl Stone Soup version 0.28.0-43-g3370ac3207 (webtiles) character file.

Game seed: 15710443327667439888

753 Zeld the Conjurer (level 7, -1/41 HPs)
             Began as an Octopode Conjurer on Mar 29, 2022.
             Slain by a scorpion (9 damage)
             ... on level 4 of the Dungeon.
             The game lasted 00:06:47 (6554 turns).

Zeld the Conjurer (Octopode Conjurer)               Turns: 6554, Time: 00:06:48

Health: -1/41      AC:  1    Str:  6    XL:     7   Next: 78%
Magic:  20/22      EV: 13    Int: 22    God:
Gold:   146        SH:  0    Dex: 11    Spells: 4/14 levels left

rFire   . . .      SeeInvis .   (no weapon)
rCold   . . .      Faith    .   (no shield)
rNeg    . . .      Spirit   .   (helmet restricted)
rPois   .          Reflect  .   (no amulet)
rElec   .          Harm     .   l - ring of magical power
rCorr   .          Rampage  .   (no ring)
Will    .....                   (no ring)
Stlth   ++++......              (no ring)
HPRegen 0.13/turn               (no ring)
MPRegen 0.18/turn               (no ring)
                                (no ring)
                                (no ring)

@: lethally poisoned (-1 -> -9)
A: almost no armour, amphibious, 8 rings, camouflage 1, gelatinous body 1,
(nimble swimmer 1), tentacles
a: no special abilities


You were on level 4 of the Dungeon.
You visited 1 branch of the dungeon, and saw 5 of its levels.
You also visited: Ossuary.

You collected 146 gold pieces.

Inventory:

Jewellery
 l - a ring of magical power (left tentacle)
Wands
 k - a wand of iceblast (6)
 n - a wand of acid (14)
Scrolls
 a - 3 scrolls of teleportation
 c - a scroll of enchant armour
 e - 2 scrolls of amnesia
 f - 3 scrolls of enchant weapon
 t - a scroll of summoning
 v - a scroll of holy word {unknown}
Potions
 b - 2 potions of heal wounds {unknown}
 d - 2 potions of lignification {unknown}
 h - 3 potions of ambrosia
 i - a potion of flight {unknown}
 j - a potion of curing {unknown}
 m - a potion of attraction {unknown}
 o - a potion of brilliance {unknown}
 p - 2 potions of might {unknown}
 q - 2 potions of degeneration {unknown}
 r - a potion of mutation {unknown}
 s - a potion of cancellation {unknown}
 u - a potion of magic {unknown}


   Skills:
 - Level 2.0 Dodging
 + Level 6.5 Stealth
 + Level 4.2 Spellcasting
 * Level 7.2 Conjurations


You had 4 spell levels left.
You knew the following spells:

 Your Spells              Type           Power      Damage    Failure   Level
a - Magic Dart            Conj           100%       1d8       1%          1
b - Searing Ray           Conj           72%        2d7       1%          2
c - Dazzling Flash        Conj/Hex       40%        N/A       8%          3
d - Fulminant Prism       Conj/Hex       10%        3d9       26%         4

Your spell library contained the following spells:

 Spells                   Type           Power      Damage    Failure   Level
 Conjure Flame            Conj/Fire      20%        6-21      8%          3
 Scorch                   Fire           8%         2d5       17%         2
 Flame Wave               Conj/Fire      20%        2d7       26%         4
 Iskenderun's Mystic Bla  Conj/Tloc      20%        2d6       26%         4
 Sticky Flame             Conj/Fire      20%        2d4       26%         4
 Ignite Poison            Fire/Tmut/Pois 4%         N/A       32%         3
 Summon Ice Beast         Ice/Summ       4%         N/A       73%         4
 Irradiate                Conj/Tmut      10%        3d17      56%         5
 Blade Hands              Tmut           2%         N/A       97%         5
 Summon Mana Viper        Hex/Summ       4%         N/A       97%         5
 Summon Cactus Giant      Summ           2%         N/A       100%        6
 Dragon Form              Tmut           2%         N/A       100%        7
 Monstrous Menagerie      Summ           2%         N/A       100%        7


Dungeon Overview and Level Annotations

Branches:
Dungeon (5/15)            Ossuary (visited)
 Temple: D:4-7

Altars:
Kikubaaqudgha


Innate Abilities, Weirdness & Mutations

You cannot wear most types of armour.
You are amphibious.
You can wear up to eight rings at the same time.
Your skin changes colour to match your surroundings (Stealth+).
Your rubbery body absorbs attacks. (AC +1, EV +1)
((You are camouflaged when in or above water. (Stealth+)))
You have tentacles for arms and can constrict up to eight enemies at once.


Message History

You are lethally poisoned!
The scorpion poisons you!
You climb upwards.
* * * LOW HITPOINT WARNING * * *
You feel very sick.
There is a stone staircase leading down here.
Casting: Searing Ray (safe; 1% risk of failure)
Confirm with . or Enter, or press ? or * to list all spells.
Aiming: Magic Dart (safe; 1% risk of failure)
Press: ? - help, Shift-Dir - straight line, f - scorpion
Aim: a scorpion (100% to hit)
Okay, then.
It was a potion of ambrosia.
You are confused.
You feel invigorated.
You feel sick. The scorpion misses you.
You're too confused to cast spells.
You feel sick. The scorpion stings you.
* * * LOW HITPOINT WARNING * * *
You bump into the rock wall.
You feel sick. The scorpion barely misses you. The scorpion misses you.
You closely miss the scorpion. Your squeeze misses the scorpion.
You feel sick. The scorpion completely misses you.
You feel less invigorated.
You feel less confused.
You feel sick. The scorpion stings you!
* * * LOW HITPOINT WARNING * * *
You are lethally poisoned!
The scorpion poisons you!
Casting: Magic Dart (safe; 1% risk of failure)
Confirm with . or Enter, or press ? or * to list all spells.
Aiming: Searing Ray (safe; 1% risk of failure)
Press: ? - help, Shift-Dir - straight line, f - scorpion
Aim: a scorpion (81% to hit)
The searing ray hits the scorpion!
The scorpion is severely wounded. (Press . to maintain the ray.)
* * * LOW HITPOINT WARNING * * *
You feel very sick. The scorpion stings you!
You die...

#.....#.....######.##########.##
#######.....# ##............#
###.### #..##########.## #.###
#.## ##.. #...# ###.### ##.
###.# #.....# #. #.# #.....#####
#. #.# #.......>.# ####. #.#
#@....###.# #.g.. #.# #s>...#
#.# #.##. #.# ####### #.# #.##.
#.####### #.# #.##. #.......#
#.# #.##. #######.#####.####.##.
#...............
############.### #.#


You could see a scorpion.

Vanquished Creatures
  A gnoll sergeant (D:5)
  3 water moccasin zombies (Ossuary)
  A wyvern skeleton (D:5)
  2 vampire bats (D:5)
  A centaur zombie (D:4)
  A hound (D:5)
  A jelly (D:5)
  2 iguanas (D:5)
  2 orc wizards (D:3)
  3 mummies
  4 adders
  An ufetubus (D:3)
  An adder skeleton (D:4)
  4 adder zombies (Ossuary)
  2 worms (D:2)
  A dart slug (D:2)
  5 orcs
  4 bat skeletons (D:5)
  2 bat zombies (D:5)
  7 endoplasms
  4 giant cockroaches
  3 gnoll zombies (Ossuary)
  3 goblins
  5 hobgoblins
  6 jackals
  A quokka (D:1)
  6 ball pythons
  7 bats
  7 frilled lizards
  10 hobgoblin zombies
  2 kobolds (D:1)
  7 kobold zombies
  6 orc zombies (Ossuary)
  5 rats
120 creatures vanquished.

Vanquished Creatures (others)
  A fulminant prism (D:5)
1 creature vanquished.

Grand Total: 121 creatures vanquished

Notes
Turn   | Place    | Note
-------+----------+-------------------------------------------
     0 | D:1      | Zeld the Octopode Conjurer began the quest for the Orb.
     0 | D:1      | Reached XP level 1. HP: 11/11 MP: 3/3
   250 | D:1      | Reached XP level 2. HP: 13/17 MP: 0/5
   253 | D:1      | Learned a level 2 spell: Searing Ray
  1103 | D:1      | Found a faded altar of an unknown god.
  1452 | D:1      | Reached XP level 3. HP: 5/21 MP: 1/6
  1457 | D:1      | Learned a level 3 spell: Dazzling Flash
  3109 | D:3      | Reached XP level 4. HP: 27/27 MP: 5/7
  3130 | D:3      | Reached skill level 5 in Conjurations
  3324 | D:3      | Reached XP level 5. HP: 31/31 MP: 5/9
  4527 | D:4      | Found a sand-covered staircase.
  4577 | Ossuary  | Entered an ossuary
  4681 | Ossuary  | Learned a level 4 spell: Fulminant Prism
  4720 | Ossuary  | Reached skill level 5 in Stealth
  4720 | Ossuary  | Reached XP level 6. HP: 26/36 MP: 10/10
  4843 | Ossuary  | Reached skill level 6 in Conjurations
  5671 | D:4      | Reached XP level 7. HP: 41/41 MP: 12/12
  5946 | D:5      | Entered Level 5 of the Dungeon
  6287 | D:5      | Found an ancient bone altar of Kikubaaqudgha.
  6388 | D:5      | Reached skill level 7 in Conjurations
  6554 | D:4      | Slain by a scorpion

Illustrated notes

Levels and vault maps discovered:
D:1:      giann_bridges, layout_basic, shapermc_ecumenical_altar_pompeii
D:2:      layout_loops_cross, serial_forest, infiniplex_forest_end_1,
          infiniplex_forest_clump_long, infiniplex_forest_fountain,
          infiniplex_forest_clump_long, infiniplex_forest_lined_3,
          minmay_ruptured
D:3:      layout_basic, hangedman_feature_mirror
D:4:      layout_loops_ring, nicolae_ossuary_entry_giza, grunt_ministairs_9,
          dk_rats_in_the_wall
D:5:      layout_cave_pools, kennysheep_vampire_church, serial_shops,
          shop_fountains, minmay_misc_feat_ornament

Skill      XL: |  1  2  3  4  5  6  7 |
---------------+----------------------+-----
Stealth        | 3 4 5 6 |  6.5
Conjurations   | 5 6 7 |  7.2
Spellcasting   | 3 4 |  4.2
Dodging        | |  2.0

Action                   |  1- 3 |  4- 6 |  7- 9 || total
-------------------------+-------+-------+-------++-------
Melee: Unarmed           |    18 |     5 |     3 ||    26
       Tentacles         |     3 |     1 |     2 ||     6
       Constrict         |     6 |     2 |     1 ||     9
 Cast: Magic Dart        |    66 |    32 |     5 ||   103
       Searing Ray       |     5 |    31 |    18 ||    54
       Fulminant Prism   |       |       |     1 ||     1
  Use: Scroll            |       |     4 |     2 ||     6
       Potion            |       |       |     1 ||     1
Armor: Skin              |     4 |     6 |     5 ||    15
Dodge: Dodged            |    50 |    61 |    37 ||   148
